 Dungeon Crawl Stone Soup version 0.29-a0-878-g7b45a56547 (webtiles) character file.

Game seed: 17077282376760570674

49 Destapler the Digger (level 3, -2/28 HPs)
             Began as a Gnoll Wanderer on July 20, 2022.
             Was a Follower of Makhleb.
             Slain by a gnoll
             ... wielding a +0 flail
              (8 damage)
             ... on level 3 of the Dungeon.
             The game lasted 00:04:11 (2028 turns).

Destapler the Digger (Gnoll Wanderer)               Turns: 2028, Time: 00:04:13

Health: -2/28      AC:  2    Str:  9    XL:     3   Next: 75%
Magic:  5/7        EV: 11    Int: 11    God:    Makhleb [*.....]
Gold:   84         SH:  5    Dex: 15    Spells: 6/7 levels left

rFire   . . .      SeeInvis +   a - +2 spear
rCold   . . .      Faith    .   b - +0 buckler
rNeg    . . .      Spirit   .   d - +0 robe
rPois   .          Reflect  .   (no helmet)
rElec   .          Harm     .   (no cloak)
rCorr   .          Rampage  .   (no gloves)
Will    .....                   (no boots)
Stlth   ++........              (no amulet)
HPRegen 0.09/turn               s - ring of see invisible
MPRegen 0.10/turn               (no ring)

@: no status effects
A: fangs 1, strong nose, distributed training
a: Renounce Religion


You were on level 3 of the Dungeon.
You worshipped Makhleb.
Makhleb was aware of your devotion.
You visited 1 branch of the dungeon, and saw 3 of its levels.

You collected 94 gold pieces.
You spent 10 gold pieces at shops.

Inventory:

Hand Weapons
 a - a +2 spear (weapon)
 q - a +2 short sword of protection
Missiles
 i - 40 stones
 r - 6 silver javelins
 t - 2 poisoned darts
Armour
 b - a +0 buckler (worn)
 d - a +0 robe (worn)
Jewellery
 s - a ring of see invisible (left hand)
Scrolls
 f - 2 scrolls of enchant armour {unknown}
 g - a scroll of silence {unknown}
 h - 4 scrolls of identify {unknown}
 j - a scroll of magic mapping {unknown}
 n - a scroll of poison {unknown}
 o - a scroll of enchant weapon {unknown}
 p - a scroll of teleportation {unknown}
Potions
 c - 3 potions of invisibility
 e - 2 potions of magic {unknown}
 k - a potion of might {unknown}
 l - a potion of lignification {unknown}
 m - a potion of berserk rage {unknown}


   Skills:
 + Level 2.6 Fighting
 + Level 1.0 Short Blades
 + Level 1.0 Long Blades
 + Level 1.0 Axes
 + Level 1.0 Maces & Flails
 + Level 4.6 Polearms
 + Level 1.0 Staves
 + Level 1.0 Ranged Weapons
 + Level 1.0 Throwing
 + Level 1.0 Armour
 + Level 1.0 Dodging
 + Level 2.4 Stealth
 + Level 4.6 Shields
 + Level 1.0 Unarmed Combat
 + Level 2.9 Spellcasting
 + Level 0.7 Conjurations
 + Level 0.7 Hexes
 + Level 0.7 Summonings
 + Level 0.7 Necromancy
 + Level 0.7 Translocations
 + Level 0.7 Transmutations
 + Level 0.7 Fire Magic
 + Level 0.7 Ice Magic
 + Level 0.7 Air Magic
 + Level 5.4 Earth Magic
 + Level 0.7 Poison Magic
 + Level 1.0 Invocations
 + Level 1.0 Evocations


You had 6 spell levels left.
You knew the following spells:

 Your Spells              Type           Power      Damage    Failure   Level
a - Sandblast             Erth           26%        2d8       3%          1

Your spell library contained the following spells:

 Spells                   Type           Power      Damage    Failure   Level
 Stone Arrow              Conj/Erth      16%        3d8       28%         3


Dungeon Overview and Level Annotations

Branches:
Dungeon (3/15)

Altars:
Makhleb

Shops:
D:1 [**   D:3 (


Innate Abilities, Weirdness & Mutations

You have very sharp teeth.
Your uncanny sense of smell can sniff out nearby items.
Your experience applies equally to all skills.


Message History

Things that are here:
a +0 club; 2 poisoned darts
t - 2 poisoned darts You now have 84 gold pieces (gained 5).
h - 4 scrolls labelled DUCIXIXIOKK (gained 1)
An endoplasm comes into view.
The endoplasm quivers.
You hit the endoplasm but do no damage. You block the endoplasm's attack.
You hit the endoplasm.
The endoplasm is lightly wounded.
You block the endoplasm's attack.
The blast of sand hits the endoplasm!
You kill the endoplasm!
Makhleb accepts your kill.
A gnoll comes into view. It is wielding a +0 spear.
Found Idah's Antique Weapon Shop.
A gnoll is nearby!
Found 9 gold pieces.
The gnoll shouts!
You hear a shout!
A gnoll comes into view. It is wielding a +0 spear.
A gnoll comes into view. It is wielding a +0 flail.
There is an open door here.
The blast of sand hits the gnoll.
The gnoll is moderately wounded.
The gnoll hits you from afar with a +0 spear!
The gnoll misses you.
The gnoll hits you from afar with a +0 spear.
The gnoll hits you with a +0 flail.
The blast of sand hits the gnoll!
The gnoll is almost dead.
The gnoll barely misses you.
The gnoll hits you from afar with a +0 spear.
* * * LOW HITPOINT WARNING * * *
The gnoll closely misses you.
The gnoll hits you from afar with a +0 spear.
* * * LOW HITPOINT WARNING * * *
The gnoll barely misses you. The gnoll attacks as you move away!
The gnoll completely misses you. The gnoll attacks as you move away!
The gnoll hits you with a +0 flail!
You die...

...<..# ...# #.#
##....####..# #.#
#.........>. #.# #######
##^.#.#####.. #.# .......
....#........ #.# ......#
###...#####.. #.# ......#
.####.#####.#<#.# .∩....#
...##.........#.####......#
.#.##.#####.###.@g.gg....$#
.#<##.# #.......##......#
.###### #######.# .######
## #.# .# #.# .# #.. .. ###
##


You could see 3 gnolls.

Vanquished Creatures
  An adder (D:2)
  A dart slug (D:1)
  An orc (D:3)
  2 bats
  7 endoplasms
  A giant cockroach (D:1)
  2 goblins
  7 hobgoblins
  A quokka (D:3)
  3 ball pythons
  A frilled lizard (D:1)
  2 kobolds
  4 rats
33 creatures vanquished.

Notes
Turn   | Place    | Note
-------+----------+-------------------------------------------
     0 | D:1      | Destapler the Gnoll Wanderer began the quest for the Orb.
     0 | D:1      | Destapler set off with the following items: a +2 spear, a
                  | +0 buckler, a potion of invisibility, a +0 robe; and the
                  | following spell memorised: Sandblast; and the following
                  | spells available to memorise: Stone Arrow.
     0 | D:1      | Reached XP level 1. HP: 17/17 MP: 4/4
    21 | D:1      | Found a faded altar of an unknown god.
    35 | D:1      | Prayed at the altar of an unknown god.
    35 | D:1      | Became a worshipper of Makhleb the Destroyer
    35 | D:1      | Reached * piety under Makhleb
   141 | D:1      | Reached XP level 2. HP: 16/23 MP: 5/5
   246 | D:1      | Found Kiedd's Armour Boutique.
   270 | D:1      | Found Ruuma's General Store.
   524 | D:1      | Found Salagyr's General Store.
   541 | D:1      | Bought 6 stones for 6 gold pieces
   541 | D:1      | Bought 4 stones for 4 gold pieces
  1102 | D:2      | Reached XP level 3. HP: 28/28 MP: 7/7
  1117 | D:2      | Reached skill level 1 in Invocations
  1963 | D:3      | Reached skill level 1 in Short Blades
  1963 | D:3      | Reached skill level 1 in Long Blades
  1963 | D:3      | Reached skill level 1 in Axes
  1963 | D:3      | Reached skill level 1 in Maces & Flails
  1963 | D:3      | Reached skill level 1 in Staves
  1963 | D:3      | Reached skill level 1 in Ranged Weapons
  1963 | D:3      | Reached skill level 1 in Throwing
  1963 | D:3      | Reached skill level 1 in Armour
  1963 | D:3      | Reached skill level 1 in Dodging
  1963 | D:3      | Reached skill level 1 in Unarmed Combat
  1963 | D:3      | Reached skill level 1 in Evocations
  2019 | D:3      | Found Idah's Antique Weapon Shop.
  2028 | D:3      | Slain by a gnoll

Illustrated notes

Levels and vault maps discovered:
D:1:      tarquinn_simple_flora_water_c, layout_rooms,
          hellmonk_ecumenical_altar_run_dry, serial_shops, nicolae_shop_crystal,
          shop, nicolae_shop_waterfront
D:2:      layout_basic
D:3:      layout_basic, led_sif_book, serial_shops, shop,
          small_statue_intersection, uniq_grinder, uniq_terence

Skill      XL: |  1  2  3 |
---------------+----------+-----
Invocations    | 1 |  1.0
Short Blades   | 1 |  1.0
Long Blades    | 1 |  1.0
Axes           | 1 |  1.0
Maces & Flails | 1 |  1.0
Staves         | 1 |  1.0
Ranged Weapons | 1 |  1.0
Throwing       | 1 |  1.0
Armour         | 1 |  1.0
Dodging        | 1 |  1.0
Unarmed Combat | 1 |  1.0
Evocations     | 1 |  1.0
Fighting       | |  2.6
Polearms       | |  4.6
Stealth        | |  2.4
Shields        | |  4.6
Spellcasting   | |  2.9
Conjurations   | |  0.7
Hexes          | |  0.7
Summonings     | |  0.7
Necromancy     | |  0.7
Translocations | |  0.7
Transmutations | |  0.7
Fire Magic     | |  0.7
Ice Magic      | |  0.7
Air Magic      | |  0.7
Earth Magic    | |  5.4
Poison Magic   | |  0.7

Action                   || total
-------------------------++-------
Melee: Spear             ||    92
       Bite              ||     4
 Cast: Sandblast         ||     8
 Stab: Sleeping          ||     8
Armor: Robe              ||     5
Dodge: Dodged            ||    31
Block: Buckler           ||    16

Table legend: (Time is in decaauts)
 A = Elapsed time spent in this place.
 B = Non-inter-level travel time spent in this place.
 C = Inter-level travel time spent in this place.
 D = Time resting spent in this place.
 E = Time spent auto-exploring this place.
 F = Levels seen in this place.
 G = Mean time per level.
                   A        B        C        D        E       F      G
               +--------+--------+--------+--------+--------+-----+--------+
         Total |   2028 |   1986 |     42 |      0 |   1715 |   3 |  676.0 |
       Dungeon |   2028 |   1986 |     42 |      0 |   1715 |   3 |  676.0 |
               +--------+--------+--------+--------+--------+-----+--------+

Top non-repeatable levels by time:
     D:1: 915 daAuts
     D:2: 904 daAuts
     D:3: 208 daAuts
